Unix NetHack Version 3.7.0-89 Work-in-progress - last build Sep 25 2023 05:26:45 (48e034876007844a536bf88644040a71d2893410,branch:master). Game began 2023-09-21 14:09:45, ended 2023-09-26 14:02:40. ranchyang96, neutral male human Tourist ------- ------- |>.|..| --|.$..$| |.....| |.+$d...| ---.--.| |-|FF...|-- ----.`..|.-- |?-u..@%@%| |.......|..-- |-|.....|.| |...`---|...| |.-..F@B|.| |....|..|...| --|.F...|)| |.......|...| ------|.| --....|......-- |.| |.....|..|....| |.| |.....|--|....| |.| |..|.-- --...| |.| ----.| ----- |.| |..-------------------.| |.................%....| ------------------------ Ranchyang96 the Excursionist St:16 Dx:13 Co:17 In:12 Wi:13 Ch:16 Neutral S:14510 Dlvl:2 $:0 HP:0(76) Pw:37(37) AC:-3 Xp:9/2882 T:11844 Latest messages: You see here a gelatinous cube corpse. There is a gelatinous cube corpse here; eat it? [ynq] (n) y You have a very bad case of stomach acid. You finish eating the gelatinous cube corpse. What do you want to use or apply? [cgj-lpuzFGWX or ?*] p You put 2385 gold pieces into the bag called holding. You put a potion called object detection milky into the bag called holding. What do you want to use or apply? [cgj-lpuzFGWX or ?*] k In what direction? y Unlock it? [ynq] (q) y You succeed in unlocking the door. The Grey-elf opens a door. The Grey-elf throws a runed spear! A runed spear misses you. The massive hammer hits! Lightning strikes the Grey-elf! The Grey-elf hits! The massive hammer hits! Lightning strikes the Grey-elf! You kill the Grey-elf! e - a pair of combat boots. f - a blue and green shield. You see no objects here. Pick an object. ) a weapon (a runed spear) What do you want to use or apply? [cgj-lpuzFGWX or ?*] p What do you want to use or apply? [cgj-lpuzFGWX or ?*] p You put a pair of combat boots into the bag called holding. You put a blue and green shield into the bag called holding. Pick an object. : a lizard (gecko) The gecko misses! The massive hammer hits! Lightning strikes the gecko! You kill the gecko! Pick an object. : a lizard (newt) The massive hammer hits! Lightning strikes the newt! You kill the newt! You see here a gecko corpse. The Grey-elf zaps a wand of fire! The bolt of fire hits you! Your cloak smoulders! Your potion of extra healing boils and explodes! The bolt of fire bounces! The bolt of fire hits you! Your cloak smoulders further! You die... Do you want your possessions identified? [ynq] (y) y Do you want to see your attributes? [ynq] (y) y Do you want an account of creatures vanquished? [ynaq] (y) y Do you want to see your conduct and achievements? [ynq] (y) y Do you want to see the dungeon overview? [ynq] (y) y Inventory: Weapons S - a blessed +1 dagger (alternate weapon; not wielded) U - 8 +0 daggers named ok (at the ready) y - the blessed rustproof +1 Mjollnir (weapon in hand) Armor J - a blessed +1 dwarvish iron helm (being worn) Q - an uncursed +1 pair of iron shoes (being worn) H - an uncursed +0 dwarvish roundshield (being worn) P - an uncursed very burnt +0 orcish cloak (being worn) B - an uncursed +0 elven mithril-coat (being worn) Comestibles Y - an uncursed fortune cookie Wands c - a wand of cold (0:4) z - a wand of digging (0:6) G - a wand of fire (0:3) X - a wand of slow monster (0:4) g - a wand of teleportation (0:2) Tools p - an uncursed bag of holding containing 16 items F - an expensive camera (0:58) l - an uncursed magic lamp (lit) k - an uncursed skeleton key named finish sokoban and try wishing W - a blessed tallow candle j - an uncursed tin whistle u - a +0 unicorn horn named poison Gems/Stones A - 2 uncursed worthless pieces of yellow glass Contents of the bag of holding: 2890 gold pieces 27 +2 darts a burnt +0 elven dagger an uncursed +0 pair of elven boots an uncursed +0 elven shield 3 uncursed carrots 4 uncursed food rations an uncursed scroll of create monster 2 uncursed scrolls of earth an uncursed scroll of identify a cursed potion of object detection a cursed ring of polymorph a wand of create monster (0:9) a wand of create monster (0:8) a wand of teleportation (0:0) an uncursed tin opener Ranchyang96 the Tourist's attributes: Background: You were an Excursionist, a level 9 male human Tourist. You were neutral, on a mission for The Lady who was opposed by Blind Io (lawful) and Offler (chaotic). You were in Sokoban, on level 2. You entered the dungeon 11844 turns ago. You had 2882 experience points, 2238 more were needed to attain level 10. Your score was 14510 before end-of-game adjustments. Basics: You had 0 out of 76 hit points. You had all 37 energy points (spell power). Your armor class was -3. Your wallet was empty, but you had 2890 zorkmids stashed away in your pack. Autopickup was on for '$"?+!=/' plus thrown, with exceptions. Final Characteristics: Your strength was 16 (limit:18/100). Your dexterity was 13 (limit:18). Your constitution was 17 (limit:18). Your intelligence was 12 (limit:18). Your wisdom was 13 (limit:18). Your charisma was 16 (limit:18). Final Status: You were not hungry. You were unencumbered. You were wielding a hammer. You had basic skill with hammer. Final Attributes: You were piously aligned. You were poison resistant. You were guarded. You were lucky. You are dead. Miscellaneous: You disabled loading of bones levels. Total elapsed playing time was 5 hours, 2 minutes and 40 seconds. Major events: Turn 1: ranchyang96 the neutral male human Tourist entered the dungeon 622: entered the Gnomish Mines 1338: attained the rank of Sightseer (level 3) 3003: reached Mine Town 4716: entered Sokoban 5033: completed 1st Sokoban level 5669: attained the rank of Excursionist (level 6) 6050: completed 2nd Sokoban level 6832: completed 3rd Sokoban level 9391: was bestowed with Mjollnir by The Lady 11476: completed 4th Sokoban level 11844: killed by a bolt of fire zapped by a Grey-elf Vanquished creatures: 2 giant mimics 2 gelatinous cubes a large dog a large cat a gargoyle an ochre jelly an elf mummy a leather golem a Grey-elf a giant beetle a quivering blob a cockatrice a leprechaun 6 orc-captains a dwarf mummy an ogre an owlbear a werewolf a lizard a blue jelly a black unicorn 2 dust vortices a gnome mummy 3 human zombies 2 soldier ants a fire ant an imp a water nymph 2 mountain nymphs 4 Uruk-hai 6 orc shamans 2 rock piercers a rock mole a pony 2 fog clouds a yellow light a shrieker a violet fungus 7 gnome leaders 3 gnomish wizards a black naga hatchling a guardian naga hatchling 2 gray oozes 2 elf zombies a straw golem a paper golem 8 giant ants a little dog 2 floating eyes 6 dwarves a homunculus 3 kobold leaders a kobold shaman 17 hill orcs 11 rothes 3 giant bats a monkey 7 orc zombies a dwarf zombie 4 wererats a werejackal an iguana 3 killer bees 2 acid blobs a coyote 2 gas spores 2 hobbits 6 manes 2 large kobolds 3 hobgoblins 6 giant rats 5 cave spiders 2 yellow molds 2 green molds 3 red molds 14 gnomes a gnome zombie 3 geckos 12 jackals 2 foxes 2 kobolds 2 goblins 4 sewer rats 13 grid bugs 9 lichens 10 newts 257 creatures vanquished. No species were genocided or became extinct. Voluntary challenges: You read items or engraved 51 times. You engraved Elbereth 34 times. You never genocided any monsters. You never polymorphed an object. You used no wishes. You did not violate any of the special Sokoban rules. Achievements: You entered the Gnomish Mines. You entered a shop. You attained the rank of Sightseer. You entered Minetown. You entered Sokoban. You attained the rank of Excursionist. The Dungeons of Doom: levels 1 to 7 Level 1: Level 2: A delicatessen, a fountain. Stairs down to The Gnomish Mines. Level 3: "vaultport" A general store, some fountains. Level 4: "stash" A general store, a fountain. Level 5: "Oracle" Many fountains. Level 6: "stash/ants" Stairs up to Sokoban, level 5. Level 7: The Gnomish Mines: levels 3 to 6 Level 3: "Lit" Level 4: "Lit" Level 5: An altar to The Lady, some fountains. Level 6: "Lit" Sokoban: levels 5 up to 2 Level 2: "unsolved last level" <- You were here. Solved. Final resting place for you, killed by a bolt of fire zapped by a Grey-elf. Level 3: Solved. Level 4: Solved. Level 5: Solved. Game over: ---------- / \ / REST \ / IN \ / PEACE \ / \ | ranchyang96 | | 2890 Au | | killed by a bolt | | of fire zapped | | by a Grey-elf | | | | 2023 | *| * * * | * _________)/\\_//(\/(/\)/\//\/|_)_______ Aloha ranchyang96 the Tourist... You died in Sokoban on dungeon level 2 with 14248 points, and 2890 pieces of gold, after 11844 moves. You were level 9 with a maximum of 76 hit points when you died.